 Dungeon Crawl Stone Soup version 0.28.0-53-g5a82cb258f (webtiles) character file.

Game seed: 9515039912751534984

12014 Zeld the Fighter (level 11, -11/160 HPs)
             Began as a Minotaur Berserker on May 22, 2022.
             Was an Elder of Trog.
             Killed by divine providence
             ... invoked by an orc priest
              (13 damage)
             ... on level 10 of the Dungeon.
             The game lasted 00:08:47 (12300 turns).

Zeld the Fighter (Minotaur Berserker)              Turns: 12300, Time: 00:08:47

Health: -11/160    AC: 14    Str: 25    XL:     11   Next: 56%
Magic:  10/10      EV: 14    Int:  4    God:    Trog [****..]
Gold:   179        SH:  5    Dex: 11    Spells: 10/10 levels left

rFire   . . .      SeeInvis .   a - +0 hand axe
rCold   . . .      Faith    .   (no shield)
rNeg    . . .      Spirit   .   w - +5 ring mail of Focus {Harm *Corrode rElec rPois Will+}
rPois   +          Reflect  +   (helmet restricted)
rElec   +          Harm     +   k - +0 cloak
rCorr   +          Rampage  .   m - +0 pair of gloves
Will    +++..                   (no boots)
Stlth   ..........              b - amulet of reflection
HPRegen 1.36/turn               B - ring of resist corrosion
MPRegen 0.12/turn               (no ring)

@: berserking (expiring), strong-willed, regenerating, very quick
A: horns 2, retaliatory headbutt
a: Renounce Religion, Berserk, Trog's Hand, Brothers in Arms


You were on level 10 of the Dungeon.
You worshipped Trog.
Trog was greatly pleased with you.
You visited 2 branches of the dungeon, and saw 11 of its levels.
You also visited: Ossuary.

You collected 554 gold pieces.
You spent 375 gold pieces at shops.

Inventory:

Hand Weapons
 a - a +0 hand axe (weapon)
Armour
 k - a +0 cloak (worn)
 m - a +0 pair of gloves (worn)
 n - a +0 plate armour
 w - the +5 ring mail of Focus (worn) {Harm *Corrode rElec rPois Will+}
   (You found it on level 4 of the Dungeon)

   rElec:     It insulates you from electricity.
   rPois:     It protects you from poison.
   *Corrode:  It may corrode you when you take damage.
   Harm:      It increases damage dealt and taken.
   Will:      It increases your willpower.
Jewellery
 b - an amulet of reflection (around neck)
 B - a ring of resist corrosion (left hand)
Wands
 c - a wand of digging (3)
 p - a wand of paralysis (3)
Scrolls
 g - 9 scrolls of teleportation
 h - a scroll of identify
 j - 3 scrolls of enchant weapon
 s - 2 scrolls of enchant armour
 u - a scroll of brand weapon {unknown}
 v - a scroll of summoning
 z - a scroll of blinking
Potions
 d - 4 potions of heal wounds {unknown}
 e - 10 potions of curing
 f - 3 potions of might {unknown}
 i - a potion of flight {unknown}
 l - a potion of degeneration {unknown}
 o - 2 potions of magic {unknown}
 q - 3 potions of attraction {unknown}
 r - 3 potions of haste {unknown}
 t - 3 potions of mutation {unknown}
 x - 2 potions of resistance {unknown}


   Skills:
 * Level 13.3 Fighting
 * Level 13.2 Axes
 + Level 9.4 Armour
 + Level 8.6 Dodging


You had 10 spell levels left.
You didn't know any spells.
Your spell library was empty.

Dungeon Overview and Level Annotations

Branches:
Dungeon (10/15)            Temple (1/1) D:5         Ossuary (visited)
   Lair: D:8-11         Orc: D:9-12

Altars:
Ashenzari
Cheibriados
Dithmenos
Elyvilon
Fedhas
Gozag
Hepliaklqana
Kikubaaqudgha
Makhleb
Nemelex Xobeh
Okawaru
Qazlal
Ru
Sif Muna
Trog
Uskayaw
Vehumet
Wu Jian
Xom
Yredelemnul
Zin
The Shining One

Shops:
D:5 (   D:7 ?   D:8 *


Innate Abilities, Weirdness & Mutations

You have a pair of horns on your head.
You reflexively headbutt those who attack you in melee.


Message History

Trog accepts your kill.
You can now call in reinforcements.
You barely miss the white ugly thing. You slash the yak!
The yak closely misses you.
Unknown command.
You slash the orc warrior!
The orc warrior is severely wounded.
You hit the yak. You slash the white ugly thing!
The orc priest hits you but does no damage.
The white ugly thing barely misses you.
Unknown command.
You hit the orc warrior but do no damage.
You headbutt the orc warrior!
The orc warrior is almost dead.
You slash the yak! You closely miss the white ugly thing.
You block the orc warrior's attack. The yak gores you.
* * * LOW HITPOINT WARNING * * *
Unknown command.
You hit the orc warrior.
You kill the orc warrior!
Trog accepts your kill.
You slash the yak!
You kill the yak!
Trog accepts your kill.
You slash the white ugly thing!
The orc priest hits you but does no damage.
The white ugly thing claws you.
* * * LOW HITPOINT WARNING * * *
The white ugly thing freezes you!!
* * * LOW HITPOINT WARNING * * *
You hit the centaur warrior zombie. You punch the centaur warrior zombie.
You destroy the centaur warrior zombie!
Trog accepts your kill.
You closely miss the white ugly thing.
The vampire gestures wildly while chanting.
The vampire flickers and vanishes!
Deactivating autopickup; reactivate with Ctrl-A.
Found a halberd.
The orc priest calls down the wrath of Beogh upon you.
Beogh smites you!
You die...

####...# #.)...###
)..... ..... #.......#
#...)♣ ./..#
##.#####.####..?)♣♣.[..#
)..# .##............$$
#.## # ............[?
#.# #...{......# #.#
#..oY......# ..# #u@#
..# ########.#
#..##.Y#### .........#
###.)# #.# ...#####
#..####.# ###..#######
##..#...# # #........#
##.###.# ###.........
#.....# .).#######.#
####..# #.## #### #.[#


You could see a white ugly thing, a yak and an orc priest.

Vanquished Creatures
  An ogre mage (D:10)
  4 two-headed ogres
  Joseph (D:10)
  4 molten gargoyles (D:9)
  A tengu conjurer (D:10)
  3 trolls
  A hornet (D:9)
  A slime creature (D:10)
  A wraith (D:9)
  A wyvern (D:9)
  2 yaks (D:10)
  A vampire mosquito (D:10)
  5 orc warriors
  A hornet zombie (D:3)
  3 necrophages
  A sky beast (D:5)
  2 black bears (D:6)
  3 centaurs (D:9)
  5 ogres
  A phantom (D:4)
  A kobold brigand (D:9)
  An elf zombie (D:4)
  2 scorpions
  2 elf skeletons (D:4)
  3 bullfrogs
  A wyvern zombie (D:9)
  A gnoll sergeant (D:5)
  A water moccasin zombie (D:5)
  11 killer bees
  3 wights (D:8)
  A howler monkey (D:10)
  8 centaur zombies
  4 gnoll shamans
  A human zombie (D:4)
  2 lava snakes (D:9)
  5 hounds
  Crazy Yiuf (D:2)
  A centaur skeleton (D:5)
  6 orc priests
  A bullfrog skeleton (D:5)
  A jelly (D:5)
  4 iguanas
  Jessica (D:2)
  5 orc wizards
  A human skeleton (D:4)
  A hound skeleton (D:4)
  6 mummies (Ossuary)
  15 gnolls
  3 adders
  An adder zombie (D:5)
  A worm (D:4)
  A dart slug (D:3)
  27 orcs
  10 ball pythons
  7 endoplasms
  7 giant cockroaches
  5 goblins
  6 hobgoblins
  2 jackals (D:1)
  4 quokkas
  2 bats (D:1)
  3 frilled lizards
  4 hobgoblin zombies (Ossuary)
  6 kobolds
  An orc skeleton (D:4)
  4 rats
226 creatures vanquished.

Vanquished Creatures (others)
  6 fungi (D:9)
  15 plants
21 creatures vanquished.

Grand Total: 247 creatures vanquished

Notes
Turn   | Place    | Note
-------+----------+-------------------------------------------
     0 | D:1      | Zeld the Minotaur Berserker began the quest for the Orb.
     0 | D:1      | Reached XP level 1. HP: 19/19 MP: 0/0
   205 | D:1      | Found a faded altar of an unknown god.
   215 | D:1      | Reached XP level 2. HP: 24/27 MP: 1/1
   833 | D:1      | Reached XP level 3. HP: 28/33 MP: 2/2
  1025 | D:2      | Noticed Jessica
  1040 | D:2      | Killed Jessica
  1315 | D:2      | Reached XP level 4. HP: 41/41 MP: 3/3
  1399 | D:2      | Reached ** piety under Trog
  1576 | D:2      | Found a runed translucent door.
  1577 | D:2      | Noticed Crazy Yiuf
  1625 | D:2      | Killed Crazy Yiuf
  1771 | D:3      | Found an ancient bone altar of Kikubaaqudgha.
  2204 | D:3      | Reached skill level 5 in Axes
  2564 | D:3      | Reached XP level 5. HP: 47/47 MP: 4/4
  2640 | D:3      | Reached skill level 5 in Fighting
  3131 | D:4      | Reached XP level 6. HP: 28/56 MP: 5/5
  3267 | D:4      | Found a sand-covered staircase.
  3278 | Ossuary  | Entered an ossuary
  3469 | Ossuary  | Reached XP level 7. HP: 54/64 MP: 6/6
  3990 | D:4      | Found a sparkling altar of Nemelex Xobeh.
  4015 | D:4      | Identified the +5 ring mail of Focus {Harm *Corrode rElec
                  | rPois Will+}
  4132 | D:4      | Found a basalt altar of Yredelemnul.
  4450 | D:4      | Reached *** piety under Trog
  4765 | D:5      | Entered Level 5 of the Dungeon
  4807 | D:5      | Found a hazy altar of Hepliaklqana.
  4837 | D:5      | Reached skill level 5 in Armour
  4837 | D:5      | Reached XP level 8. HP: 60/73 MP: 7/7
  4958 | D:5      | Found a staircase to the Ecumenical Temple.
  4989 | Temple   | Entered the Ecumenical Temple
  5245 | D:5      | Found Coehil's Weapon Shoppe.
  6226 | D:6      | Reached skill level 5 in Dodging
  6532 | D:6      | Found a bloodstained altar of Trog.
  7283 | D:7      | Reached XP level 9. HP: 73/83 MP: 8/8
  7343 | D:7      | Found Vyezustrea's Magic Scroll Boutique.
  7353 | D:7      | Bought a scroll of identify for 26 gold pieces
  7353 | D:7      | Bought a scroll of identify for 26 gold pieces
  7353 | D:7      | Bought a scroll of identify for 26 gold pieces
  7353 | D:7      | Bought a scroll of teleportation for 39 gold pieces
  7353 | D:7      | Bought a scroll of teleportation for 39 gold pieces
  7748 | D:7      | Found an iron altar of Okawaru.
  7776 | D:7      | Found an ornate altar of the Wu Jian Council.
  8046 | D:8      | You fall into a shaft and drop 1 floor!
  8387 | D:8      | Reached skill level 10 in Axes
  8439 | D:8      | Reached skill level 10 in Fighting
  8644 | D:8      | Found Aghupt's Assorted Antiques.
  8649 | D:8      | Bought an amethyst potion for 18 gold pieces
  8649 | D:8      | Bought a scroll labelled ALITRU MUZUTEO for 21 gold pieces
  9184 | D:8      | Found a white marble altar of Elyvilon.
  9368 | D:9      | Reached XP level 10. HP: 94/94 MP: 9/9
  9386 | D:9      | Reached **** piety under Trog
  9683 | D:9      | Found the +3 warlock's mirror {reflect}
  9712 | D:9      | Noticed a molten gargoyle
  9729 | D:9      | Killed a molten gargoyle
 10056 | D:9      | Noticed a molten gargoyle
 10060 | D:9      | Noticed a molten gargoyle
 10066 | D:9      | Noticed a molten gargoyle
 10080 | D:9      | Killed a molten gargoyle
 10082 | D:9      | Killed a molten gargoyle
 10479 | D:9      | Found Zin's Purification Station.
 10482 | D:9      | Found a glowing silver altar of Zin.
 10485 | D:9      | Bought 2 potions of curing for 180 gold pieces
 10581 | D:9      | Noticed a two-headed ogre
 10587 | D:9      | Killed a two-headed ogre
 10774 | D:9      | Killed a molten gargoyle
 11476 | D:10     | Entered Level 10 of the Dungeon
 11571 | D:10     | Noticed a two-headed ogre
 11573 | D:10     | Noticed Joseph
 11578 | D:10     | Killed a two-headed ogre
 11579 | D:10     | Reached XP level 11. HP: 105/105 MP: 10/10
 11597 | D:10     | Killed Joseph
 11747 | D:10     | Found a radiant altar of Vehumet.
 12257 | D:10     | Noticed an ogre mage
 12267 | D:10     | Noticed a two-headed ogre
 12270 | D:10     | Noticed a two-headed ogre
 12277 | D:10     | Noticed a white ugly thing
 12281 | D:10     | Killed a two-headed ogre
 12293 | D:10     | Killed a two-headed ogre
 12293 | D:10     | Killed an ogre mage
 12298 | D:10     | HP: 1/160 [white ugly thing (22)]
 12300 | D:10     | Killed from afar by an orc priest

Illustrated notes

Levels and vault maps discovered:
D:1:      minmay_arrival_wavy_path, layout_basic,
          hellmonk_ecumenical_altar_dog_temple
D:2:      layout_rooms, minmay_puff, uniq_crazy_yiuf_cottage, uniq_jessica
D:3:      layout_loops_cross, mainiacjoe_overflow_24_doors
D:4:      layout_basic, mainiacjoe_overflow_cross_hatched,
          yredelemnul_altar_generic, nicolae_ossuary_entry_catacombs,
          chequers_serial_rivers_small_b
D:5:      layout_basic, amcnicky_altar_gilded, minmay_temple_entry_large_hall,
          serial_shops, nicolae_inconvenience_store
D:6:      layout_loops_corners, mainiacjoe_overflow_alcove_1,
          minmay_misc_feat_enclosed
D:7:      layout_rooms, okawaru_metal_pillars_1_2,
          nicolae_wu_jian_glorious_leap, serial_shops, nicolae_lakefront_shop
D:8:      layout_gridville, mainiacjoe_overflow_paths, serial_shops,
          kennysheep_little_box
D:9:      kennysheep_seaside_town, layout_gridville, zin_purify, minivault_8
D:10:     minmay_bloctagon, layout_loops_ring, nicolae_vehumet_radiance,
          uniq_joseph
Temple:   hc_temple_tempest_star

Skill      XL: |  1  2  3  4  5  6  7  8  9 10 11 |
---------------+----------------------------------+-----
Fighting       | 4 5 6 7 9 10 12 13 | 13.3
Axes           | 4 5 6 7 8 10 12 13 | 13.2
Armour         | 3 4 5 6 7 8 9 |  9.4
Dodging        | 3 4 5 6 7 8 |  8.6

Action                   |  1- 3 |  4- 6 |  7- 9 | 10-12 || total
-------------------------+-------+-------+-------+-------++-------
Melee: Hand axe          |    76 |   135 |   310 |   202 ||   723
       Punch             |     2 |     3 |     3 |     1 ||     9
       Headbutt          |     7 |    27 |    55 |    56 ||   145
Invok: Berserk           |       |     3 |     4 |     5 ||    12
       Trog's Hand       |       |     1 |     1 |     2 ||     4
       Brothers in Arms  |       |       |       |     1 ||     1
Evoke: Wand              |       |       |     2 |       ||     2
  Use: Scroll            |       |       |    10 |     1 ||    11
Armor: Animal skin       |    20 |    16 |     4 |       ||    40
       Ring mail         |       |       |   121 |    69 ||   190
Dodge: Dodged            |    62 |    82 |   169 |   137 ||   450
Block: Other             |       |       |    23 |    44 ||    67
       Reflection        |       |       |     1 |       ||     1
